 Dungeon Crawl Stone Soup version 0.31-a0-986-g5e6e4ef867 (webtiles) character file.

Game seed: 3654978959349749469

14717 porpoise the Markskobold (level 12, -13/72 HPs)
             Began as a Kobold Hunter on Nov 11, 2023.
             Was an Elder of Fedhas.
             Mangled by a sun demon (18 damage)
             ... in a volcano.
             The game lasted 00:51:33 (15191 turns).

porpoise the Markskobold (Kobold Hunter)           Turns: 15191, Time: 00:51:33

Health: -13/72     AC:  8    Str:  9    XL:     12   Next: 48%
Magic:  16/16      EV: 30    Int: 10    God:    Fedhas [****..]
Gold:   826        SH:  0    Dex: 27    Spells: 7/11 levels left

rFire   . . .        a - +1 orcbow (flame)
rCold   . . .        (shield currently unavailable)
rNeg    . . .        h - +1 leather armour of the Hidden Vale {Drain Dex+4}
rPois   .            y - +1 helmet
rElec   .            p - +0 cloak
rCorr   .            (no gloves)
SInv    .            (no boots)
Will    .....        (no amulet)
Stlth   +++++        g - +5 ring of evasion
HPRegen 0.32/turn    r - +5 ring of evasion
MPRegen 0.15/turn

%: no passive effects
@: no status effects
A: small, no large weapons, nightstalker 3
a: Renounce Religion, Wall of Briars, Grow Ballistomycete, Overgrow


You were in a volcano.
You worshipped Fedhas.
Fedhas was greatly pleased with you.
You visited 3 branches of the dungeon, and saw 12 of its levels.
You also visited: Volcano.

You collected 977 gold pieces.
You spent 151 gold pieces at shops.

Inventory:

Hand Weapons
 a - a +1 orcbow of flaming (weapon)
 b - a +2 dagger of venom
 j - a +4 scimitar
 n - a +2 dagger of protection
 w - a +2 dagger of draining
Missiles
 d - 29 poisoned darts
 o - 4 boomerangs
 v - 4 atropa-tipped darts
 F - 4 curare-tipped darts
 K - 2 throwing nets
Armour
 h - the +1 leather armour of the Hidden Vale (worn) {Drain Dex+4}
   (You found it on level 6 of the Dungeon)

   Dex+4:     It affects your dexterity (+4).
   Drain:     It drains your maximum health when unequipped.
 i - +0 steam dragon scales
 p - a +0 cloak (worn)
 y - a +1 helmet (worn)
Jewellery
 g - a +5 ring of evasion (left hand)
 l - a ring of resist corrosion
 r - a +5 ring of evasion (right hand)
 H - a ring of wizardry
Wands
 m - a wand of polymorph (8)
 s - a wand of charming (39)
 C - a wand of flame (23)
Scrolls
 f - a scroll of butterflies
 k - 2 scrolls of enchant weapon
 u - a scroll of immolation
 L - a scroll of teleportation
Potions
 e - a potion of attraction
 q - 2 potions of cancellation
 t - 3 potions of enlightenment
 x - a potion of ambrosia
 G - 2 potions of curing
 J - a potion of might
 M - a potion of brilliance


   Skills:
 + Level 7.5 Fighting
 - Level 10.0 Short Blades
 - Level 16.0 Ranged Weapons
 + Level 5.0 Armour
 - Level 7.0 Dodging
 - Level 7.0 Stealth
 + Level 5.7 Invocations
 - Level 5.0 Evocations


You had 7 spell levels left.
You knew the following spells:

 Your Spells              Type           Power      Damage    Failure   Level
o - Olgreb's Toxic Radia  Pois           0%         N/A       99%         4

Your spell library contained the following spells:

 Spells                   Type           Power      Damage    Failure   Level
 Sting                    Tmut/Pois      0%         1d3       45%         1
 Summon Small Mammal      Summ           0%         N/A       45%         1
 Cigotuvi's Dreadful Rot  Necr/Pois/Air  0%         N/A       58%         2
 Poisonous Vapours        Pois/Air       0%         N/A       58%         2
 Static Discharge         Conj/Air       0%         3-3/arc   58%         2
 Call Canine Familiar     Summ           0%         N/A       83%         3
 Summon Guardian Golem    Hex/Summ       0%         N/A       83%         3
 Airstrike                Air            0%         2d(0-16)  99%         4
 Dispel Undead            Necr           0%         3d6       99%         4
 Summon Lightning Spire   Summ/Air       0%         N/A       99%         4
 Death Channel            Necr           0%         N/A       100%        6


Dungeon Overview and Level Annotations

Branches:
Dungeon (10/15)            Temple (1/1) D:7            Lair (1/5) D:9
Volcano (1/1)
    Orc: D:9-12

Altars:
Ashenzari
Cheibriados
Dithmenos
Elyvilon
Fedhas
Gozag
Hepliaklqana
Kikubaaqudgha
Makhleb
Nemelex Xobeh
Okawaru
Qazlal
Ru
Sif Muna
Trog
Uskayaw
Vehumet
Wu Jian
Xom
Yredelemnul
Zin
The Shining One

Shops:
D:1 *   D:6 *   D:9 =

Annotations:
D:10 2 transporters


Innate Abilities, Weirdness & Mutations

You are small and have problems with some larger weapons.
You are completely attuned to the shadows.


Message History

The arrow hits the sun demon but does no damage.
You shoot an arrow. The arrow hits the sun demon!
The sun demon is moderately wounded.
You shoot an arrow.
The arrow hits the sun demon but does no damage.
The sun demon is moderately wounded.
You shoot an arrow. The arrow hits the sun demon!
The sun demon is heavily wounded.
The sun demon hits you.
You are engulfed in flames!
You are too injured to fight recklessly!
You are too injured to fight recklessly!
You shoot an arrow. The arrow hits the sun demon.
The sun demon is heavily wounded.
The sun demon completely misses you.
You shoot an arrow.
The arrow hits the sun demon but does no damage.
The sun demon is heavily wounded.
The sun demon completely misses you.
You shoot an arrow. The arrow hits the sun demon.
The sun demon is heavily wounded.
The sun demon misses you.
You shoot an arrow.
The arrow hits the sun demon but does no damage.
The sun demon is heavily wounded.
The sun demon hits you but does no damage.
You shoot an arrow. The arrow hits the sun demon.
The sun demon is heavily wounded.
You shoot an arrow. The arrow hits the sun demon.
The sun demon is severely wounded.
The sun demon misses you.
You shoot an arrow. The arrow hits the sun demon.
The sun demon is severely wounded.
The sun demon hits you!
You are engulfed in flames!
* * * LOW HITPOINT WARNING * * *
You shoot an arrow. The arrow closely misses the sun demon.
The sun demon hits you.
* * * LOW HITPOINT WARNING * * *
You are engulfed in flames!!
You die...
Fedhas appreciates your contribution to the ecosystem.

#.......#
##......#
#.......#
####
##....#.#
.8..
#....#.#
....
#####..#
....
##.#..#
.8..
##....##
####
#@3∩..#
##...##
##.## ###


You could see a sun demon.

Vanquished Creatures
  2 two-headed ogres
  A sun demon (Volcano)
  Pikel (D:7)
  A cane toad (Lair:1)
  A smoke demon (Volcano)
  A komodo dragon (Lair:1)
  A polar bear (Lair:1)
  A wraith (D:9)
  Sigmund (D:3)
  2 wyverns
  13 yaks
  8 steam dragons
  Edmund (D:5)
  2 wargs (D:9)
  An acid dragon (D:8)
  2 water moccasins
  Duvessa (D:7)
  2 ice beasts
  2 sky beasts (D:6)
  6 orc warriors
  7 centaurs
  A lemure (D:7)
  4 kobold brigands
  Blork the orc (D:5)
  3 bullfrogs
  3 scorpions
  25 wights
  Dowan (D:7)
  54 killer bees
  2 electric eels (D:9)
  2 howler monkeys
  2 hounds (D:6)
  3 gnoll boudas
  6 orc priests
  2 jellies (D:6)
  6 iguanas
  Jessica (D:3)
  10 orc wizards
  A sleepcap (D:6)
  11 gnolls
  13 adders
  A shadow imp (D:8)
  A white imp (D:7)
  3 ufetubi (D:6)
  7 worms
  2 dart slugs
  35 orcs
  3 bats
  6 endoplasms
  6 giant cockroaches
  8 goblins
  6 hobgoblins
  2 jackals (D:2)
  3 quokkas
  6 ball pythons
  4 frilled lizards
  25 kobolds
  5 rats (D:2)
  A spectral goblin (D:9)
332 creatures vanquished.

Notes
Turn   | Place    | Note
-------+----------+-------------------------------------------
     0 | D:1      | porpoise the Kobold Hunter began the quest for the Orb.
     0 | D:1      | Reached XP level 1. HP: 12/12 MP: 1/1
   156 | D:1      | Found a faded altar of an unknown god.
   186 | D:1      | Reached XP level 2. HP: 16/18 MP: 2/2
   329 | D:1      | Found Aloyq's Assorted Antiques.
   602 | D:1      | You fall into a shaft and drop 1 floor!
  1110 | D:1      | Bought a scroll labelled UNGILA YCUZ for 22 gold pieces
  1229 | D:2      | Reached skill level 6 in Ranged Weapons
  1267 | D:2      | Reached XP level 3. HP: 22/22 MP: 3/3
  1478 | D:1      | Bought a sapphire potion for 19 gold pieces
  1778 | D:2      | Reached XP level 4. HP: 28/28 MP: 4/4
  1942 | D:2      | Reached skill level 7 in Ranged Weapons
  1956 | D:2      | Reached XP level 5. HP: 17/32 MP: 5/5
  2053 | D:2      | Found a stormy altar of Qazlal.
  2570 | D:3      | Noticed Sigmund
  2584 | D:3      | Killed Sigmund
  2585 | D:3      | Reached skill level 8 in Ranged Weapons
  2585 | D:3      | Reached XP level 6. HP: 39/39 MP: 6/6
  2848 | D:3      | Noticed Jessica
  2849 | D:3      | Killed Jessica
  3128 | D:4      | Reached XP level 7. HP: 33/44 MP: 7/7
  3204 | D:4      | Reached skill level 9 in Ranged Weapons
  3573 | D:1      | Bought a runed dagger for 110 gold pieces
  3749 | D:4      | Reached skill level 1 in Short Blades
  3765 | D:4      | Reached skill level 5 in Fighting
  4622 | D:5      | Entered Level 5 of the Dungeon
  4687 | D:5      | Reached XP level 8. HP: 49/50 MP: 8/8
  4695 | D:5      | Noticed Blork the orc
  4709 | D:5      | Killed Blork the orc
  4890 | D:5      | Found a glowing silver altar of Zin.
  5191 | D:5      | Noticed Edmund
  5213 | D:5      | Killed Edmund
  5214 | D:5      | Reached skill level 10 in Ranged Weapons
  5994 | D:6      | Found Veurgh's Fire Supplies.
  6047 | D:6      | Reached skill level 5 in Short Blades
  6143 | D:6      | Reached XP level 9. HP: 23/56 MP: 9/9
  6375 | D:6      | Identified the +1 leather armour of the Hidden Vale {Drain
                  | Dex+4}
  6400 | D:6      | Reached skill level 11 in Ranged Weapons
  7427 | D:7      | Learned a level 4 spell: Olgreb's Toxic Radiance
  7495 | D:7      | Reached skill level 5 in Stealth
  7511 | D:7      | Identified the +1 tower shield of the Ego {Rampage Fly rC-}
  7632 | D:7      | Reached skill level 12 in Ranged Weapons
  7667 | D:7      | Reached XP level 10. HP: 63/63 MP: 10/10
  7721 | D:7      | Noticed Duvessa
  7735 | D:7      | Killed Duvessa
  7737 | D:7      | Noticed Dowan
  7753 | D:7      | Killed Dowan
  8335 | D:7      | Reached skill level 13 in Ranged Weapons
  8610 | D:7      | Noticed Pikel
  8633 | D:7      | Killed Pikel
  8634 | D:7      | Reached skill level 10 in Short Blades
  8634 | D:7      | Reached skill level 5 in Dodging
  8649 | D:7      | Found a basalt altar of Yredelemnul.
  8709 | D:7      | Found a staircase to the Ecumenical Temple.
  8715 | Temple   | Entered the Ecumenical Temple
  8729 | Temple   | Became a worshipper of Fedhas Madash
  8943 | D:8      | Found a shadowy altar of Dithmenos.
  9149 | D:8      | Reached skill level 1 in Armour
  9363 | D:8      | Reached * piety under Fedhas
  9518 | D:8      | Reached XP level 11. HP: 50/67 MP: 11/11
  9589 | D:8      | Reached skill level 14 in Ranged Weapons
  9650 | D:8      | Reached ** piety under Fedhas
 11139 | D:9      | Noticed a two-headed ogre
 11146 | D:9      | Killed a two-headed ogre
 11147 | D:9      | Reached skill level 1 in Invocations
 11326 | D:9      | Reached *** piety under Fedhas
 11490 | D:9      | Found a staircase to the Lair.
 11678 | D:9      | Reached skill level 15 in Ranged Weapons
 11836 | D:9      | Found a shimmering blue altar of Sif Muna.
 12023 | D:9      | Found a stormy altar of Qazlal.
 12325 | D:9      | Found a hazy altar of Hepliaklqana.
 12363 | D:9      | Found Wuuwkiow's Jewellery Shoppe.
 12487 | D:9      | Found a sparkling altar of Nemelex Xobeh.
 12488 | D:9      | Found a snail-covered altar of Cheibriados.
 12688 | D:9      | Reached skill level 5 in Armour
 12740 | D:9      | Found an opulent altar of Gozag.
 12747 | D:9      | Reached XP level 12. HP: 72/72 MP: 15/15
 12896 | D:10     | Entered Level 10 of the Dungeon
 13054 | D:10     | Reached skill level 1 in Evocations
 13449 | D:10     | Reached **** piety under Fedhas
 13605 | D:10     | Noticed a glowing orange brain
 13692 | D:10     | Noticed a two-headed ogre
 13695 | D:10     | Killed a two-headed ogre
 13696 | D:10     | Reached skill level 5 in Invocations
 13947 | D:10     | Found a transporter.
 13950 | D:10     | Found a transporter.
 14241 | Lair:1   | Entered Level 1 of the Lair of Beasts
 14496 | Lair:1   | Reached skill level 16 in Ranged Weapons
 14544 | Lair:1   | Found a dark tunnel.
 14550 | Volcano  | Entered a volcano
 14730 | Volcano  | Noticed a sun demon
 14744 | Volcano  | Killed a sun demon
 14791 | Volcano  | Reached skill level 5 in Evocations
 15025 | Volcano  | Noticed a sun demon
 15025 | Volcano  | Noticed a sun demon
 15191 | Volcano  | Mangled by a sun demon

Illustrated notes

Levels and vault maps discovered:
D:1:      matt_arrival_spirals, layout_loops_ring, serial_shops,
          nicolae_shop_hallway_plus, chequers_ecumenical_altar_simple_redux
D:2:      layout_basic, basic_altar, minmay_circle_x
D:3:      layout_basic, nicolae_half_adder, uniq_jessica, uniq_sigmund
D:4:      layout_cave_pods, minivault_14, kennysheep_small_spiral
D:5:      layout_loops_ring, nicolae_overflow_crystal_walls, uniq_edmund,
          uniq_blork_the_orc
D:6:      minmay_polygon_palace, layout_loops_ring, kennysheep_big_empty_room,
          nicolae_shop_fire_sale [nicolae_sub_dead_trees]
D:7:      layout_loops_ring, yredelemnul_altar_generic,
          minmay_temple_entry_nine_rooms, uniq_pikel, uniq_duvessa
D:8:      wad_woods_minihive, layout_loops_corners, grunt_dithmenos_smoke
D:9:      layout_gridville, grunt_qazlal_sundering,
          nicolae_hepliaklqana_monster_ancestors, nicolae_overflow_squiral,
          mainiacjoe_overflow_catwalk, lemuel_doored_altar,
          erik_lair_orcish_takeover, serial_shops, nicolae_shop_back_alley_shop
D:10:     gammafunk_jiyva_shrine, layout_basic
Temple:   compressed_dpeg_triangle_lava_temple
Lair:1:   beast_lair_carwin_large_1, layout_layer_cave,
          nicolae_volcano_entry_lava_flow, dreamdust_gnoll_shepherd,
          lemuel_fruit_fields
Volcano:  hellmonk_smoking_crater

Skill      XL: |  1  2  3  4  5  6  7  8  9 10 11 12 |
---------------+-------------------------------------+-----
Ranged Weapons | 6 7 8 9 10 12 13 15 16 | 16.0
Fighting       | 3 4 5 6 7 |  7.5
Short Blades   | 3 5 8 10 | 10.0
Stealth        | 6 7 |  7.0
Dodging        | 5 7 |  7.0
Armour         | 1 5 |  5.0
Invocations    | 4 5 |  5.7
Evocations     | 5 |  5.0

Action                     |  1- 3 |  4- 6 |  7- 9 | 10-12 || total
---------------------------+-------+-------+-------+-------++-------
  Melee: Dagger            |       |    21 |   276 |   383 ||   680
         Punch             |       |       |     7 |     5 ||    12
         Shortbow          |       |       |     5 |       ||     5
   Fire: Shortbow          |    89 |    82 |   189 |    12 ||   372
         Orcbow            |       |       |       |   485 ||   485
  Evoke: Wand              |       |       |       |     2 ||     2
    Use: Scroll            |       |     3 |     3 |    13 ||    19
         Potion            |       |       |     1 |     7 ||     8
   Stab: Sleeping          |       |       |     3 |     2 ||     5
         Distracted        |       |       |       |     1 ||     1
 Armour: Leather armour    |    21 |    18 |    67 |   149 ||   255
  Dodge: Dodged            |    29 |    43 |   323 |   632 ||  1027

Table legend: (Time is in decaauts)
 A = Elapsed time spent in this place.
 B = Non-inter-level travel time spent in this place.
 C = Inter-level travel time spent in this place.
 D = Time resting spent in this place.
 E = Time spent auto-exploring this place.
 F = Levels seen in this place.
 G = Mean time per level.
                   A        B        C        D        E       F      G
               +--------+--------+--------+--------+--------+-----+--------+
         Total |  14822 |  13732 |   1090 |   3502 |   7552 |  13 | 1140.2 |
       Dungeon |  13894 |  12813 |   1081 |   2944 |   7552 |  10 | 1389.4 |
        Temple |     23 |     14 |      9 |      0 |      0 |   1 |   23.0 |
          Lair |    292 |    292 |      0 |    199 |      0 |   1 |  292.0 |
       Volcano |    611 |    611 |      0 |    358 |      0 |   1 |  611.0 |
               +--------+--------+--------+--------+--------+-----+--------+

Top non-repeatable levels by time:
     D:8: 2110 daAuts
     D:9: 1737 daAuts
     D:7: 1533 daAuts
     D:1: 1525 daAuts
     D:6: 1514 daAuts
     D:4: 1324 daAuts
    D:10: 1282 daAuts
     D:5: 1083 daAuts
     D:2: 997 daAuts
     D:3: 785 daAuts
 Volcano: 611 daAuts
  Lair:1: 292 daAuts
  Temple: 23 daAuts
